 Dungeon Crawl Stone Soup version 0.28-a0-1235-g7c8fac35f0 (webtiles) character file.

Game seed: 4622510559737366332

213 Zonian the Insei (level 5, -10/40 HPs)
             Began as a Merfolk Transmuter on Dec 24, 2021.
             Was a Follower of Okawaru.
             Mangled by Menkaure (22 damage)
             ... on level 5 of the Dungeon.
             The game lasted 00:08:31 (5051 turns).

Zonian the Insei (Merfolk Transmuter)               Turns: 5051, Time: 00:08:32

Health: -10/40     AC:  3    Str: 12    XL:     5   Next: 90%
Magic:  4/9        EV: 16    Int: 13    God:    Okawaru [*.....]
Gold:   146        SH:  0    Dex: 14    Spells: 6/9 levels left

rFire   . . .      SeeInvis +     - Unarmed
rCold   . . .      Faith    .   (no shield)
rNeg    . . .      Spirit   .   a - +0 robe
rPois   .          Reflect  .   (helmet currently unavailable)
rElec   .          Harm     .   (no cloak)
rCorr   .          Rampage  .   p - +0 pair of gloves
Will    .....                   (boots currently unavailable)
Stlth   +++.......              (no amulet)
HPRegen 0.13/turn               j - ring of see invisible
MPRegen 0.11/turn               (no ring)

@: appendages, heroic, wereblooded
A: horns 2, (nimble swimmer 2), mertail
a: End Transformation, Renounce Religion, Heroism


You were on level 5 of the Dungeon.
You worshipped Okawaru.
Okawaru was aware of your devotion.
You had temporarily grown beastly horns.
You visited 1 branch of the dungeon, and saw 5 of its levels.

You collected 146 gold pieces.

Inventory:

Hand Weapons
 c - a +1 falchion of draining
 d - a +3 mace of holy wrath
 e - a +0 whip
 n - a +1 short sword of speed
Missiles
 k - 20 poisoned darts
Armour
 a - a +0 robe (worn)
 i - a +1 pair of boots (melded)
 p - a +0 pair of gloves (worn)
Jewellery
 j - a ring of see invisible (left hand)
Scrolls
 b - a scroll of magic mapping
 f - 4 scrolls of teleportation
 m - a scroll of amnesia
Potions
 g - a potion of lignification
 h - a potion of attraction {unknown}
 l - 2 potions of flight
 o - a potion of ambrosia {unknown}


   Skills:
 + Level 2.8(7.8) Fighting
 + Level 4.1(9.1) Dodging
 + Level 4.3(9.3) Unarmed Combat
 + Level 2.9 Spellcasting
 + Level 4.2 Transmutations
 + Level 0.0 Invocations


You had 6 spell levels left.
You knew the following spells:

 Your Spells              Type           Power      Damage    Failure   Level
a - Beastly Appendage     Tmut           24%        N/A       4%          1
b - Wereblood             Tmut           12%        N/A       6%          2

Your spell library contained the following spells:

 Spells                   Type           Power      Damage    Failure   Level
 Pain                     Necr           4%         1d4       24%         1
 Spider Form              Tmut/Pois      7%         N/A       28%         3
 Static Discharge         Conj/Air       1%         N/A       34%         2
 Vampiric Draining        Necr           1%         2d6       56%         3
 Ice Form                 Ice/Tmut       7%         N/A       67%         4
 Lightning Bolt           Conj/Air       0%         1d11      100%        5
 Maxwell's Capacitive Co  Air            0%         ∞         100%        8
 Animate Skeleton         Necr           Unusable   N/A       N/A         1

Dungeon Overview and Level Annotations

Branches:
Dungeon (6/15)
 Temple: D:4-7

Altars:
Okawaru

Annotations:
D:3 Sigmund
D:5 Menkaure


Innate Abilities, Weirdness & Mutations

You have temporarily grown beastly horns.
((You are very nimble when in or above water. (Stealth+, EV+, Speed+++)))
Your lower body shifts to a powerful aquatic tail in water.


Message History

As you read the scroll of identify, it crumbles to dust.
g - a potion of lignification Unknown command.
You now have 146 gold pieces (gained 7).
You open the door.
There is an open door here.
Found an escape hatch in the floor.
Menkaure, Prince of Dust comes into view.
Menkaure shouts!
Unknown command.
You aren't carrying any items that you can evoke.
Unknown command.
Casting: Beastly Appendage (safe; 4% risk of failure)
Confirm with . or Enter, or press ? or * to list all spells.
You grow a pair of large bovine horns.
Your +1 pair of boots melds into your body.
Unknown command.
Casting: Beastly Appendage (safe; 4% risk of failure)
Confirm with . or Enter, or press ? or * to list all spells.
Your blood is infused with primal strength.
Unknown command.
You gain the combat prowess of a mighty hero.
Menkaure casts a spell.
Menkaure seems to speed up.
Unknown command.
Menkaure calls on the powers of darkness!
Your body is wracked with pain!
Unknown command.
You hit Menkaure.
Menkaure is moderately damaged.
Menkaure calls on the powers of darkness!
Your body is wracked with pain!
* * * LOW HITPOINT WARNING * * *
Unknown command.
You punch Menkaure!
Menkaure is severely damaged.
Menkaure's bandages flutter.
Menkaure hits you!!
Ouch! That really hurt!
You die...

.........+.#..#.# ...
.........#.#..#.#####...
.........#.#..#.........
........................
....÷...................
......................>.
......>.....####........
#####........# #.####...
#........# #@# .
#........# #.M...#
####.###.#######.#
#.###.....# #.....###.#
#####.# #.# #.###.#
#.....# #######


You could see Menkaure (fast).

Vanquished Creatures
  A centaur skeleton (D:6)
  Natasha (twice) (D:2)
  An orc wizard (D:6)
  An ufetubus (D:6)
  A worm (D:3)
  13 orcs
  6 ball pythons
  6 endoplasms
  2 giant cockroaches (D:1)
  8 goblins
  4 hobgoblins
  7 jackals
  8 kobolds
  5 quokkas
  11 bats
  A frilled lizard (D:1)
  7 rats
84 creatures vanquished.

Notes
Turn   | Place    | Note
-------+----------+-------------------------------------------
     0 | D:1      | Zonian the Merfolk Transmuter began the quest for the Orb.
     0 | D:1      | Reached XP level 1. HP: 15/15 MP: 3/3
   284 | D:1      | Found a faded altar of an unknown god.
   406 | D:1      | Prayed at the altar of an unknown god.
   406 | D:1      | Became a worshipper of Warmaster Okawaru
   406 | D:1      | Reached * piety under Okawaru
   418 | D:1      | Reached XP level 2. HP: 19/21 MP: 3/5
   941 | D:1      | Reached XP level 3. HP: 22/27 MP: 4/6
  1666 | D:2      | Learned a level 2 spell: Wereblood
  2482 | D:3      | Noticed Natasha
  2531 | D:2      | Killed Natasha
  2532 | D:2      | Reached XP level 4. HP: 16/33 MP: 7/7
  2640 | D:2      | Noticed Natasha
  2895 | D:2      | Killed Natasha
  3162 | D:3      | Reached XP level 5. HP: 19/39 MP: 6/8
  3783 | D:3      | Noticed Sigmund
  4263 | D:3      | You fall into a shaft and drop 3 floors!
  4700 | D:5      | Entered Level 5 of the Dungeon
  5044 | D:5      | Noticed Menkaure
  5051 | D:5      | Mangled by Menkaure

Illustrated notes

Levels and vault maps discovered:
D:1:      dpeg_arrival_three_smaller_balls, layout_loops_ring,
          hellmonk_ecumenical_altar_pennies_from_heaven
D:2:      layout_loops_cross, st_stairs_4
D:3:      layout_basic, minmay_checkerbox, uniq_sigmund, uniq_natasha
D:5:      layout_basic, marbit_many_paths, minmay_temple_entry_drinking_statues,
          uniq_menkaure
D:6:      layout_basic, serial_shops, nicolae_lakefront_shop

Skill      XL: |  1  2  3  4  5 |
---------------+----------------+-----
Transmutations | 3 4 |  4.2
Dodging        | 3 4 |  4.1
Fighting       | 2 |  2.8
Unarmed Combat | 4 |  4.3
Spellcasting   | |  2.9

Action                   |  1- 3 |  4- 6 || total
-------------------------+-------+-------++-------
Melee: Unarmed           |   138 |   161 ||   299
       Headbutt          |    13 |    20 ||    33
       Punch             |     4 |     4 ||     8
 Cast: Beastly Appendage |    29 |    21 ||    50
       Wereblood         |       |     3 ||     3
Invok: Heroism           |       |     1 ||     1
  Use: Scroll            |     8 |     4 ||    12
       Potion            |     2 |     2 ||     4
 Stab: Sleeping          |       |     1 ||     1
Armor: Robe              |    44 |    50 ||    94
Dodge: Dodged            |   107 |   172 ||   279

Table legend: (Time is in decaauts)
 A = Elapsed time spent in this place.
 B = Non-inter-level travel time spent in this place.
 C = Inter-level travel time spent in this place.
 D = Time resting spent in this place.
 E = Time spent auto-exploring this place.
 F = Levels seen in this place.
 G = Mean time per level.
                   A        B        C        D        E       F      G
               +--------+--------+--------+--------+--------+-----+--------+
         Total |   5035 |   4969 |     66 |   1403 |   2678 |   5 | 1007.0 |
       Dungeon |   5035 |   4969 |     66 |   1403 |   2678 |   5 | 1007.0 |
               +--------+--------+--------+--------+--------+-----+--------+

Top non-repeatable levels by time:
     D:1: 1797 daAuts
     D:2: 1267 daAuts
     D:3: 1187 daAuts
     D:6: 433 daAuts
     D:5: 349 daAuts
